 Dungeon Crawl Stone Soup version 0.29-a0-664-gff9cad4a3d (webtiles) character file.

Game seed: 10033807384357796336

7 Anon1729 the Insei (level 2, 0/21 HPs)
             Began as a Merfolk Transmuter on June 22, 2022.
             Slain by a quokka (5 damage)
             ... on level 1 of the Dungeon.
             The game lasted 00:00:33 (315 turns).

Anon1729 the Insei (Merfolk Transmuter)              Turns: 315, Time: 00:00:33

Health: 0/21       AC:  2    Str: 10    XL:     2   Next: 4%
Magic:  4/5        EV: 13    Int: 12    God:
Gold:   19         SH:  0    Dex: 14    Spells: 4/5 levels left

rFire   . . .      SeeInvis .     - Unarmed
rCold   . . .      Faith    .   (no shield)
rNeg    . . .      Spirit   .   a - +0 robe
rPois   .          Reflect  .   (helmet currently unavailable)
rElec   .          Harm     .   (no cloak)
rCorr   .          Rampage  .   (no gloves)
Will    .....                   (boots currently unavailable)
Stlth   +.........              (no amulet)
HPRegen 0.07/turn               (no ring)
MPRegen 0.09/turn               (no ring)

@: appendages
A: horns 2, (nimble swimmer 2), mertail
a: End Transformation


You were on level 1 of the Dungeon.
You had temporarily grown beastly horns.
You visited 1 branch of the dungeon, and saw 1 of its levels.

You collected 19 gold pieces.

Inventory:

Armour
 a - a +0 robe (worn)
Scrolls
 c - a scroll of summoning {unknown}
Potions
 b - a potion of lignification


   Skills:
 + Level 1.3 Fighting
 + Level 2.9 Dodging
 + Level 3.4 Unarmed Combat
 + Level 2.1 Spellcasting
 + Level 2.9 Transmutations


You had 4 spell levels left.
You knew the following spells:

 Your Spells              Type           Power      Damage    Failure   Level
a - Beastly Appendage     Tmut           16%        N/A       9%          1

Your spell library contained the following spells:

 Spells                   Type           Power      Damage    Failure   Level
 Wereblood                Tmut           8%         N/A       12%         2
 Spider Form              Tmut/Pois      4%         N/A       41%         3
 Ice Form                 Ice/Tmut       4%         N/A       82%         4


Dungeon Overview and Level Annotations

Branches:
Dungeon (1/15)

Altars:


Innate Abilities, Weirdness & Mutations

You have temporarily grown beastly horns.
((You are very nimble when in or above water. (Stealth+, EV+, Speed+++)))
Your lower body shifts to a powerful aquatic tail in water.


Message History

A rat comes into view.
The giant cockroach misses you.
You closely miss the giant cockroach.
The giant cockroach is almost dead.
The quokka completely misses you. The giant cockroach misses you.
You closely miss the giant cockroach.
You punch the giant cockroach, but do no damage.
The giant cockroach is almost dead.
The giant cockroach bites you. The quokka barely misses you.
You are too injured to fight recklessly!
There are monsters nearby!
There are monsters nearby!
The ball python bites you but does no damage.
The ball python closely misses you.
The ball python attacks as you move away!
The ball python bites you. The ball python misses you.
The giant cockroach attacks as you move away!
The giant cockroach bites you. The quokka barely misses you.
The ball python attacks as you move away!
The ball python bites you.
* * * LOW HITPOINT WARNING * * *
You are too injured to fight recklessly!
Casting: Beastly Appendage (safe; 9% risk of failure)
Confirm with . or Enter, or press ? or * to list all spells.
You grow a pair of large bovine horns.
The quokka bites you.
* * * LOW HITPOINT WARNING * * *
You barely miss the quokka. Your headbutt misses the quokka.
The quokka closely misses you.
You hit the quokka.
The quokka is heavily wounded.
The quokka misses you.
You barely miss the quokka.
The quokka is heavily wounded.
The quokka misses you.
You closely miss the quokka. Your headbutt misses the quokka.
Your punch misses the quokka.
The quokka is heavily wounded.
The quokka closely misses you. The quokka bites you.
You die...

..........##............>. .
...............####...... ..
#...........##. ########.
.r.#..........# # .....####
..r.........# #######.....
#.........###...........
...##.........#...##########
........#######.###
........rSr@....#
.........B#######
..........# ..........#
..........# ..........#
..........# ........##


You could see a quokka, a giant cockroach, a ball python and a rat.

Vanquished Creatures
  2 dart slugs (D:1)
  A frilled lizard (D:1)
  2 rats (D:1)
5 creatures vanquished.

Notes
Turn   | Place    | Note
-------+----------+-------------------------------------------
     0 | D:1      | Anon1729 the Merfolk Transmuter began the quest for the
                  | Orb.
     0 | D:1      | Reached XP level 1. HP: 15/15 MP: 3/3
   198 | D:1      | Reached XP level 2. HP: 15/21 MP: 3/5
   315 | D:1      | Slain by a quokka

Illustrated notes

Levels and vault maps discovered:
D:1:      sevenhm_arrival_forest_fort_small_5, layout_rooms

Action                   || total
-------------------------++-------
Melee: Unarmed           ||    21
       Headbutt          ||     3
       Punch             ||     2
 Cast: Beastly Appendage ||     4
Armor: Robe              ||     4
Dodge: Dodged            ||    18

Table legend: (Time is in decaauts)
 A = Elapsed time spent in this place.
 B = Non-inter-level travel time spent in this place.
 C = Inter-level travel time spent in this place.
 D = Time resting spent in this place.
 E = Time spent auto-exploring this place.
 F = Levels seen in this place.
 G = Mean time per level.
                   A        B        C        D        E       F      G
               +--------+--------+--------+--------+--------+-----+--------+
         Total |    311 |    311 |      0 |      0 |    242 |   1 |  311.0 |
       Dungeon |    311 |    311 |      0 |      0 |    242 |   1 |  311.0 |
               +--------+--------+--------+--------+--------+-----+--------+

Top non-repeatable levels by time:
     D:1: 311 daAuts
